 Dungeon Crawl Stone Soup version 0.27-a0-531-gb72ec1a1b6 (webtiles) character file.

Game seed: 16342307708169280792

7 porpoise the Sneak (level 2, 0/19 HPs)
             Began as a Gargoyle Delver on Mar 6, 2021.
             Was an Initiate of the Shining One.
             Slain by a hound (2 damage)
             ... on level 5 of the Dungeon.
             The game lasted 00:02:37 (351 turns).

porpoise the Sneak (Gargoyle Delver)                 Turns: 351, Time: 00:02:38

Health: 0/19       AC:  7    Str: 15    XL:     2   Next: 4%
Magic:  2/2        EV: 11    Int: 10    God:    the Shining One [......]
Gold:   6          SH:  0    Dex: 11    Spells: 1/1 levels left

rFire    . . .     SeeInvis .   a - +0 mace
rCold    . . .     Faith    .   (no shield)
rNeg     + + .     Spirit   .   l - +2 leather armour {rN+}
rPois    ∞         Reflect  .   (no helmet)
rElec    +         Harm     .   (no cloak)
rCorr    .         Rampage  .   (no gloves)
Will     .....                  (no boots)
Stlth    +.........             (no amulet)
HPRegen  0.06/turn              (no ring)
MPRegen  0.08/turn              (no ring)

@: glowing
A: negative energy resistance 1, electricity resistance, unbreathing 1,
petrification resistance, miasma immunity, AC +2
a: Renounce Religion


You were on level 5 of the Dungeon.
You worshipped the Shining One.
The Shining One was noncommittal.
You visited 1 branch of the dungeon, and saw 2 of its levels.

You collected 6 gold pieces.

Inventory:

Hand Weapons
 a - a +0 mace (weapon)
Armour
 l - a +2 leather armour of positive energy (worn)
Wands
 g - a wand of digging (3)
Scrolls
 c - a scroll of fog
 d - a scroll of magic mapping
 e - a scroll of fear
 h - a scroll of teleportation {unknown}
 i - a scroll of identify {unknown}
 k - a scroll of enchant weapon {unknown}
Potions
 f - a potion of haste
 j - 2 potions of curing {unknown}


   Skills:
 + Level 3.6 Fighting
 + Level 2.3 Maces & Flails
 - Level 1.5 Dodging
 - Level 5.4 Stealth


You had one spell level left.
You didn't know any spells.
Your spell library contained the following spells:

 Spells                   Type           Power      Damage    Failure   Level
 Magic Dart               Conj           0%         1d3       43%         1
 Summon Small Mammal      Summ           0%         N/A       43%         1
 Blink                    Tloc           N/A        N/A       56%         2
 Call Imp                 Summ           0%         N/A       56%         2
 Slow                     Hex            0%         N/A       56%         2
 Call Canine Familiar     Summ           0%         N/A       80%         3
 Conjure Flame            Conj/Fire      0%         6-21      80%         3
 Mephitic Cloud           Conj/Pois/Air  0%         N/A       80%         3
 Summon Guardian Golem    Hex/Summ       0%         N/A       80%         3
 Summon Ice Beast         Ice/Summ       0%         N/A       99%         4
 Summon Lightning Spire   Summ/Air       0%         N/A       99%         4


Dungeon Overview and Level Annotations

Branches:
Dungeon (5/15)
 Temple: D:4-7

Altars:
Fedhas
Nemelex Xobeh
Qazlal
The Shining One


Innate Abilities, Weirdness & Mutations

You are resistant to torment.
Your stone body is resilient. (AC +2)
You are immune to poison.
You resist negative energy. (rN+)
You are resistant to electric shocks. (rElec)
You can survive without breathing.
You are immune to petrification.
You are immune to miasma.


Message History

You hit the fungus.
The fungus is lightly damaged.
You sock the fungus!
The fungus is lightly damaged.
A nearby fungus withers and dies.
There is a stone staircase leading up here.
You climb upwards.
A hound and a worker ant come into view.
The hound barks!
Found 9 gold pieces and a ring mail.
There is a stone staircase leading down here.
You climb downwards.
There is a stone staircase leading up here.
You climb upwards.
The hound bites you but does no damage. The worker ant barely misses you.
The hound bites you.
There is a stone staircase leading down here.
You can't go up here!
The hound bites you but does no damage.
The worker ant bites you but does no damage.
The hound bites you. The worker ant bites you.
You climb downwards.
There is a stone staircase leading up here.
You are too injured to fight recklessly!
You hit the hound but do no damage. The hound bites you but does no damage.
The hound barely misses you.
You barely miss the hound. The hound closely misses you. x2
You hit the hound but do no damage. The hound bites you.
* * * LOW HITPOINT WARNING * * *
The hound bites you.
* * * LOW HITPOINT WARNING * * *
You hit the hound.
The hound is lightly wounded.
The hound barely misses you. x2
You barely miss the hound.
The hound is lightly wounded.
The hound barely misses you. The hound closely misses you.
You hit the hound.
The hound is heavily wounded.
The hound bites you but does no damage. The hound bites you.
You die... ...######### #.....B...## #h##..# #@PPP.# #.PPPP#

#.P_.P#
#.PP.P#
#.PPP.#
#.##..#
#†##.##
#.##.#
#....#


You could see a hound and a worker ant.

Vanquished Creatures
  3 orcs (D:5)
  A ball python (D:5)
4 creatures vanquished.

Vanquished Creatures (others)
  A fungus (D:5)
  A plant (D:5)
2 creatures vanquished.

Grand Total: 6 creatures vanquished

Notes
Turn   | Place    | Note
-------+----------+-------------------------------------------
     0 | D:5      | porpoise the Gargoyle Delver began the quest for the Orb.
     0 | D:5      | Reached XP level 1. HP: 14/14 MP: 1/1
    66 | D:5      | Found a stormy altar of Qazlal.
   243 | D:5      | Found a glowing golden altar of the Shining One.
   250 | D:5      | Became a worshipper of the Shining One
   258 | D:5      | Found a sparkling altar of Nemelex Xobeh.
   299 | D:5      | Found a blossoming altar of Fedhas.
   311 | D:5      | Reached XP level 2. HP: 18/19 MP: 2/2
   351 | D:5      | Slain by a hound

Illustrated notes

Levels and vault maps discovered:
D:4:      layout_cave_pods, lemuel_crystal_altar,
          nicolae_dithmenos_shadow_blocks
D:5:      layout_loops_ring, nzn_hepliaklqana_mist_gate,
          nicolae_overflow_crystal_walls, nemelex_xobeh_ov_fountains_minmay,
          fedhas_altar_3, temple_pool_b, nicolae_qazlal_eye_of_the_storm

Action                   || total
-------------------------++-------
Melee: Mace              ||    22
Armor: Leather armour    ||     7
Dodge: Dodged            ||    10

Table legend: (Time is in decaauts)
 A = Elapsed time spent in this place.
 B = Non-inter-level travel time spent in this place.
 C = Inter-level travel time spent in this place.
 D = Time resting spent in this place.
 E = Time spent auto-exploring this place.
 F = Levels seen in this place.
 G = Mean time per level.
                   A        B        C        D        E       F      G
               +--------+--------+--------+--------+--------+-----+--------+
         Total |    358 |    358 |      0 |    126 |     64 |   2 |  179.0 |
       Dungeon |    358 |    358 |      0 |    126 |     64 |   2 |  179.0 |
               +--------+--------+--------+--------+--------+-----+--------+

Top non-repeatable levels by time:
     D:5: 354 daAuts
     D:4: 4 daAuts
